 Dungeon Crawl Stone Soup version 0.31-a0-675-g238779eb0a (webtiles) character file.

Game seed: 17507136385596398930

112 Revguard the Ducker (level 4, 0/38 HPs)
             Began as a Ghoul Gladiator on Sept 5, 2023.
             Slain by a gnoll
             ... wielding a +0 spear
              (2 damage)
             ... on level 3 of the Dungeon.
             The game lasted 00:06:50 (1836 turns).

Revguard the Ducker (Ghoul Gladiator)               Turns: 1836, Time: 00:06:51

Health: 0/38       AC:  7    Str: 19    XL:     4   Next: 95%
Magic:  4/4        EV: 11    Int:  3    God:
Gold:   161        SH:  0    Dex: 10    Spells: 3/3 levels left

rFire   . . .        a - +0 war axe
rCold   + . .        (no shield)
rNeg    + + +        f - +0 ring mail
rPois   ∞            c - +0 helmet
rElec   .            (no cloak)
rCorr   .            o - +0 pair of gloves
SInv    .            (no boots)
Will    .....        x - amulet of the acrobat Stlth
                     (no ring)
HPRegen 0.00/turn    (no ring)
MPRegen 0.09/turn

%: acrobat
@: inhibited regen
A: claws 1, cold resistance 1, negative energy resistance 3, inhibited
regeneration, torment resistance 2, devour on kill
a: no special abilities


You were on level 3 of the Dungeon.
You visited 1 branch of the dungeon, and saw 3 of its levels.

You collected 161 gold pieces.

Inventory:

Hand Weapons
 a - a +0 war axe (weapon)
Missiles
 d - 3 throwing nets (quivered)
 e - a javelin
Armour
 b - a +0 leather armour
 c - a +0 helmet (worn)
 f - a +0 ring mail (worn)
 o - a +0 pair of gloves (worn)
Jewellery
 x - an amulet of the acrobat (around neck)
Scrolls
 g - a scroll of amnesia
 h - a scroll of silence {unknown}
 i - 2 scrolls of teleportation
 j - a scroll of revelation {unknown}
 l - a scroll of immolation
 q - a scroll of brand weapon {unknown}
 r - 2 scrolls of poison {unknown}
 v - a scroll of identify
 w - a scroll of blinking {unknown}
Potions
 k - a potion of haste
 n - a potion of curing {unknown}
 p - a potion of brilliance
 s - a potion of invisibility {unknown}
 t - a potion of might {unknown}
 u - a potion of attraction {unknown}
 z - a potion of ambrosia {unknown}


   Skills:
 + Level 3.0 Fighting
 + Level 3.2 Axes
 - Level 1.7 Throwing
 + Level 1.1 Armour
 + Level 3.2 Dodging
 + Level 1.6 Invocations
 + Level 1.2 Evocations


You had 3 spell levels left.
You didn't know any spells.
Your spell library contained the following spells:

 Spells                   Type           Power      Damage    Failure   Level
 Simulacrum               Ice/Necr       0%         N/A       100%        6
 Ozocubu's Refrigeration  Ice            0%         4d7       100%        7
 Polar Vortex             Ice            0%         N/A       100%        9


Dungeon Overview and Level Annotations

Branches:
Dungeon (3/15)

Altars:
Qazlal


Innate Abilities, Weirdness & Mutations

You are immune to poison.
You have sharp fingernails.
Your flesh is cold resistant. (rC+)
You are immune to negative energy. (rN+++)
You do not regenerate when monsters are visible.
You are immune to unholy pain and torment.
You thrive by killing the living.


Message History

The gnoll hits you from afar with a +0 spear.
The gnoll hits you with a +0 whip. The gnoll barely misses you.
You hit the gnoll.
The gnoll is moderately wounded.
You barely miss the gnoll. The gnoll misses you.
The gnoll hits you but does no damage. x2
You completely miss the gnoll.
The gnoll is almost dead.
You hit the gnoll. The gnoll hits you but does no damage.
The gnoll hits you with a +0 whip. x2
You slash the gnoll!
You kill the gnoll!
You barely miss the gnoll. The gnoll hits you with a +0 whip.
The gnoll hits you but does no damage. x2; The gnoll barely misses you.
You slash the gnoll!
You kill the gnoll!
The gnoll barely misses you.
You hit the hobgoblin.
The hobgoblin is almost dead.
The gnoll hits you from afar with a +0 spear.
* * * LOW HITPOINT WARNING * * *
The hobgoblin hits you but does no damage.
You slash the hobgoblin!
You kill the hobgoblin!
You feel better.
The gnoll hits you from afar with a +0 spear.
* * * LOW HITPOINT WARNING * * *
The gnoll hits you from afar with a +0 spear.
* * * LOW HITPOINT WARNING * * *
The gnoll closely misses you.
Things that are here:
a +0 whip; a +0 club You hit the gnoll but do no damage.
The gnoll hits you with a +0 spear.
* * * LOW HITPOINT WARNING * * *
You hit the gnoll.
The gnoll is moderately wounded.
The gnoll hits you with a +0 spear.
* * * LOW HITPOINT WARNING * * *
The gnoll hits you with a +0 spear.
You die...

#...# ...###
... ###.#
#.#.### #..
#†#####.....
#.........#
#.#####..#
#.#####..#
#........#
#.>....).#
#.#####@##
####.# #.g.#
#....#
#......
######
#....###
###... ..###
###


You could see a gnoll.

Vanquished Creatures
  3 gnolls (D:3)
  An adder (D:3)
  A worm (D:2)
  5 dart slugs
  6 bats
  3 endoplasms
  6 giant cockroaches
  6 hobgoblins
  5 kobolds
  3 quokkas
  5 ball pythons
  A frilled lizard (D:2)
  9 goblins
  3 rats
57 creatures vanquished.

Notes
Turn   | Place    | Note
-------+----------+-------------------------------------------
     0 | D:1      | Revguard the Ghoul Gladiator began the quest for the Orb.
     0 | D:1      | Reached XP level 1. HP: 17/17 MP: 0/0
   163 | D:1      | You fall into a shaft and drop 1 floor!
   201 | D:2      | Reached XP level 2. HP: 23/24 MP: 1/1
   515 | D:2      | Reached XP level 3. HP: 28/30 MP: 2/2
   626 | D:2      | Reached skill level 1 in Invocations
  1380 | D:1      | Reached XP level 4. HP: 33/37 MP: 3/3
  1385 | D:1      | Reached skill level 1 in Armour
  1605 | D:3      | Reached skill level 1 in Evocations
  1673 | D:3      | Found a stormy altar of Qazlal.
  1836 | D:3      | Slain by a gnoll

Illustrated notes

Levels and vault maps discovered:
D:1:      dreamdust_arrival_sigmund_warning, layout_loops_ring,
          minmay_pentomino_q4
D:2:      layout_basic
D:3:      layout_loops_ring, marbit_many_paths, nicolae_qazlal_eye_of_the_storm,
          uniq_grinder, uniq_robin, uniq_crazy_yiuf_cottage

Skill      XL: |  1  2  3  4 |
---------------+-------------+-----
Dodging        | 3 |  3.2
Invocations    | 1 |  1.6
Axes           | 3 |  3.2
Armour         | 1 |  1.1
Evocations     | 1 |  1.2
Fighting       | 3 |  3.0
Throwing       | |  1.7

Action                     |  1- 3 |  4- 6 || total
---------------------------+-------+-------++-------
  Melee: War axe           |   123 |    57 ||   180
         Punch             |       |     2 ||     2
    Use: Scroll            |       |     5 ||     5
         Potion            |       |     2 ||     2
 Armour: Ring mail         |    98 |    74 ||   172
         Leather armour    |     4 |       ||     4
         Skin              |     4 |       ||     4
  Dodge: Dodged            |   101 |    45 ||   146

Table legend: (Time is in decaauts)
 A = Elapsed time spent in this place.
 B = Non-inter-level travel time spent in this place.
 C = Inter-level travel time spent in this place.
 D = Time resting spent in this place.
 E = Time spent auto-exploring this place.
 F = Levels seen in this place.
 G = Mean time per level.
                   A        B        C        D        E       F      G
               +--------+--------+--------+--------+--------+-----+--------+
         Total |   1900 |   1817 |     83 |     46 |   1234 |   3 |  633.3 |
       Dungeon |   1900 |   1817 |     83 |     46 |   1234 |   3 |  633.3 |
               +--------+--------+--------+--------+--------+-----+--------+

Top non-repeatable levels by time:
     D:1: 820 daAuts
     D:2: 776 daAuts
     D:3: 303 daAuts
